 Dungeon Crawl Stone Soup version 0.18-a0-731-ga019a5f (webtiles) character file.

5058 JokEr the Cleaver (level 10, 0/96 HPs)
             Began as a Hill Orc Abyssal Knight on Dec 9, 2015.
             Was a High Priest of Lugonu.
             Slain by WhatIsLove's ghost (2 damage)
             ... on level 8 of the Dungeon.
             The game lasted 00:29:02 (10762 turns).

JokEr the Cleaver (Hill Orc Abyssal Knight)        Turns: 10762, Time: 00:29:03

Health: 0/96       AC: 15    Str: 19    XL:     10   Next: 56%
Magic:  8/16       EV:  5    Int: 12    God:    Lugonu [*****.]
Gold:   222        SH:  0    Dex: 10    Spells: 0 memorised, 9 levels left

rFire  + . .     SeeInvis .     e - +1 battleaxe
rCold  x . .     Clarity  .     l - +1 plate armour
rNeg   . . .     SustAt   .     (shield currently unavailable)
rPois  .         Gourm    .     m - +0 helmet
rElec  .         Spirit   .     (no cloak)
rCorr  .         Dismiss  .     A - +1 pair of gloves
rMut   .         Stasis   .     (no boots)
MR     .....                    r - amulet of inaccuracy
Stlth  ..........               c - ring of fire
                                n - ring of invisibility

@: not resistant to hostile enchantments, extremely unstealthy
A: no striking features
a: Depart the Abyss, Bend Space, Banish, Corrupt, Enter the Abyss, Renounce
Religion, Evoke Invisibility


You were on level 8 of the Dungeon.
You worshipped Lugonu.
Lugonu was extremely pleased with you.
You were hungry.

You visited 1 branch of the dungeon, and saw 8 of its levels.
You visited the Abyss 1 time.

You collected 312 gold pieces.
You spent 90 gold pieces at shops.

Inventory:

Hand Weapons
 e - a +1 battleaxe (weapon)
Armour
 l - a +1 plate armour (worn)
 m - a +0 helmet (worn)
 t - a +0 buckler
 A - a +1 pair of gloves (worn)
Jewellery
 c - a ring of fire (right hand)
 d - an uncursed amulet of guardian spirit
 g - an uncursed ring of see invisible
 h - an uncursed ring of protection from magic
 n - a ring of invisibility (left hand)
 r - an amulet of inaccuracy (around neck)
Wands
 p - a wand of cold (7)
 y - a wand of paralysis (14)
Scrolls
 f - 4 scrolls of teleportation
 j - a scroll of enchant armour
 o - 2 scrolls of remove curse
 x - 2 scrolls of recharging
 F - a scroll of fear
Potions
 b - a potion of might {unknown}
 q - 3 potions of agility
 s - a potion of magic {unknown}
 z - a potion of flight {unknown}
 B - 2 potions of haste {unknown}
 C - a potion of lignification {unknown}
Books
 w - a book of Flames

   Spells                             Type                      Level
   a - Flame Tongue                   Conjuration/Fire             1
   b - Throw Flame                    Conjuration/Fire             2
   c - Conjure Flame                  Conjuration/Fire             3
   d - Inner Flame                    Hexes/Fire                   3
   e - Sticky Flame                   Conjuration/Fire             4
   f - Fireball                       Conjuration/Fire             5
Comestibles
 v - a beef jerky
 E - a fruit


   Skills:
 - Level 11.2 Fighting
 - Level 13.2 Axes
 - Level 2.1 Armour
 - Level 0.7 Dodging
 + Level 9.2 Invocations


You had 9 spell levels left.
You didn't know any spells.

Dungeon Overview and Level Annotations

Branches:
Dungeon (8/15)             Temple (0/1) D:4
   Lair: D:8-11

Altars:
Dithmenos
Makhleb
Okawaru
Qazlal
Trog
Yredelemnul
Zin

Shops:
D:5 }

Annotations:
D:8 WhatIsLove's ghost, novice DrCj


Message History

Reactivating autopickup.
You feel a bit more experienced.
The orb of energy explodes!
The mystic blast hits you!
* * * LOW HITPOINT WARNING * * *
WhatIsLove's ghost hits you.
* * * LOW HITPOINT WARNING * * *
You are electrocuted!
* * * LOW HITPOINT WARNING * * *
Press: ? - help, Shift-Dir - straight line, f - WhatIsLove's ghost
Aim: WhatIsLove's ghost, wielding a weapon of electrocution (chance to defeat MR: 50%) WhatIsLove's ghost resists with some effort.
You feel somewhat more hungry.
WhatIsLove's ghost gestures at you while chanting.
The orb of energy hits you!
Press: ? - help, Shift-Dir - straight line, f/p - WhatIsLove's ghost
Aim: WhatIsLove's ghost, wielding a weapon of electrocution (chance to defeat MR: 50%) WhatIsLove's ghost resists with some effort.
You are feeling hungry.
WhatIsLove's ghost hits you.
You die...

###########
#ยง@........
#W#########
##o########
#.....oW.o#
#.............
#....o........
#.............
#........[....
#..........>..


You could see WhatIsLove's ghost and an orc.

Vanquished Creatures
  Pikel (D:5)
  Joseph (D:8)
  A two-headed ogre (D:8)
  Prince Ribbit (D:8)
  Sigmund (D:5)
  2 hungry ghosts (D:7)
  2 ice beasts
  3 black bears
  A centaur (D:6)
  4 ogres
  2 phantoms
  3 necrophages
  A big kobold (D:7)
  4 giant frogs
  A water moccasin zombie (D:6)
  A wyvern skeleton (D:6)
  A troll zombie (D:8)
  7 killer bees
  5 wights (D:6)
  A giant frog zombie (D:6)
  2 hounds
  4 human zombies (D:8)
  2 orc wizards (D:6)
  3 giant frog skeletons
  4 orc priests
  A jelly (D:5)
  4 crimson imps
  A human skeleton (D:8)
  Terence (D:2)
  An iguana (D:8)
  4 worker ants
  An ogre zombie (D:8)
  3 mummies (D:8)
  A hound skeleton (D:6)
  11 adders
  A river rat (D:6)
  A shadow imp (D:6)
  An ooze (D:3)
  An adder skeleton (D:6)
  4 giant geckos
  17 orcs
  10 bats
  8 hobgoblins
  8 jackals
  13 kobolds
  A quokka (D:5)
  5 ball pythons
  9 giant cockroaches
  5 giant newts
  9 goblins
  2 jackal skeletons
  2 quokka skeletons
  A quokka zombie (D:7)
  10 rats
194 creatures vanquished.

Vanquished Creatures (others)
  A slave (D:8)
  An orc warrior (D:6)
  A black bear (D:8)
  2 ogres
  A hound (D:8)
  An orc wizard (D:8)
  An orc (D:8)
  4 jackals
12 creatures vanquished.

Grand Total: 206 creatures vanquished

Notes
Turn   | Place    | Note
--------------------------------------------------------------
     0 | Abyss:1  | JokEr the Hill Orc Abyssal Knight began the quest for the Orb.
     0 | Abyss:1  | Reached XP level 1. HP: 19/19 MP: 2/2
    47 | D:1      | Escaped the Abyss
   349 | D:1      | Reached XP level 2. HP: 21/27 MP: 3/3
   471 | D:1      | Reached * piety under Lugonu
   481 | D:1      | Reached skill level 4 in Fighting
   866 | D:1      | Reached XP level 3. HP: 33/33 MP: 4/4
  1305 | D:2      | Reached ** piety under Lugonu
  1347 | D:2      | Noticed Terence
  1358 | D:2      | Killed Terence
  1358 | D:2      | Reached skill level 5 in Fighting
  1358 | D:2      | Reached XP level 4. HP: 35/42 MP: 5/5
  1419 | D:2      | Found a shadowy altar of Dithmenos.
  1535 | D:2      | Found a faded altar to an unknown god.
  2094 | D:2      | Found a burning altar of Makhleb.
  2382 | D:2      | Reached XP level 5. HP: 46/48 MP: 6/6
  2524 | D:3      | Reached skill level 5 in Axes
  2894 | D:3      | Reached *** piety under Lugonu
  3177 | D:4      | Reached skill level 6 in Fighting
  3177 | D:4      | Reached XP level 6. HP: 52/57 MP: 7/7
  3610 | D:4      | You fall through a shaft for 2 floors!
  3699 | D:5      | Entered Level 5 of the Dungeon
  3753 | D:5      | Found a stormy altar of Qazlal.
  3918 | D:4      | Found a staircase to the Ecumenical Temple.
  4113 | D:4      | Reached skill level 7 in Fighting
  4113 | D:4      | Reached XP level 7. HP: 62/65 MP: 8/8
  4165 | D:5      | Noticed Sigmund
  4194 | D:5      | Killed Sigmund
  4274 | D:5      | Noticed Pikel
  4301 | D:5      | Killed Pikel
  4301 | D:5      | Reached skill level 8 in Fighting
  4301 | D:5      | Reached skill level 9 in Axes
  4301 | D:5      | Reached XP level 8. HP: 59/76 MP: 9/9
  4399 | D:5      | Found Fepn's Gadget Boutique.
  4477 | D:5      | Found Zin's Purification Station.
  4489 | D:5      | Found a glowing silver altar of Zin.
  4500 | D:5      | Bought a potion of curing for 90 gold pieces
  5064 | D:5      | Found a bloodstained altar of Trog.
  5696 | D:6      | Reached skill level 10 in Axes
  5863 | D:6      | Reached XP level 9. HP: 71/84 MP: 11/11
  5882 | D:6      | Reached skill level 10 in Fighting
  5894 | D:6      | Reached **** piety under Lugonu
  6056 | D:6      | Reached skill level 11 in Axes
  6136 | D:6      | Found an iron altar of Okawaru.
  7008 | D:6      | HP: 3/85 [wight/battleaxe (4)]
  7304 | D:6      | Reached skill level 5 in Invocations
  8062 | D:7      | Reached skill level 12 in Axes
  8719 | D:7      | Reached XP level 10. HP: 90/95 MP: 14/14
  9252 | D:8      | Noticed Joseph
  9275 | D:8      | Killed Joseph
  9275 | D:8      | Reached ***** piety under Lugonu
  9275 | D:8      | Reached skill level 13 in Axes
  9894 | D:8      | Noticed Prince Ribbit
  9930 | D:8      | Killed Prince Ribbit
 10513 | D:8      | Found a basalt altar of Yredelemnul.
 10739 | D:8      | Noticed WhatIsLove's ghost (novice DrCj)
 10760 | D:8      | HP: 2/96 [WhatIsLove's ghost (13)]
 10762 | D:8      | Slain by WhatIsLove's ghost

Vault maps used:
D:1:      elethiomel_arrival_maze
D:2:      old_standard_altar, lemuel_doored_altar, ecumenical_altar_1,
          uniq_terence
D:3:      first_bread
D:4:      minmay_temple_entry_overgrown
D:5:      nicolae_qazlal_general_emergency, zin_purify, bloody_trog,
          serial_shops, nicolae_shop_waterfront, st_stairs_13, kennysheep_dice,
          uniq_pikel, uniq_sigmund
D:6:      okawaru_metal_pillars_1_2, portal_sewer_entry_b, dk_vineyard_3
D:7:      minmay_misc_feat_secret_circle
D:8:      nicolae_tso_carved_into_rock, lemuel_mausoleum_altar_yredelemnul,
          uniq_prince_ribbit1, uniq_maurice, uniq_joseph

Action                   |  1- 3 |  4- 6 |  7- 9 | 10-12 || total
-------------------------+-------+-------+-------+-------++-------
Melee: Hand axe          |    96 |   252 |   387 |       ||   735
       Battleaxe         |       |       |   113 |   176 ||   289
Invok: Depart the Abyss  |     1 |       |       |       ||     1
       Banish            |       |     1 |     1 |     2 ||     4
       Bend Space        |       |       |     2 |       ||     2
  Use: Scroll            |     3 |    10 |     7 |     5 ||    25
       Potion            |       |     1 |     7 |     1 ||     9
 Stab: Distracted        |     1 |       |       |     1 ||     2
  Eat: Bread ration      |     1 |     2 |     2 |       ||     5
       Fruit             |       |       |     3 |     4 ||     7
       Meat ration       |       |       |     2 |     1 ||     3
       Royal jelly       |       |       |     1 |       ||     1
       Beef jerky        |       |       |     1 |       ||     1
